 Dungeon Crawl Stone Soup version 0.31.0-1-g2c135a008e (webtiles) character file.

Game seed: 6387004120837128786

1740 qw the Skirmisher (level 9, -4/65 HPs)
             Began as a Djinni Hunter on Jan 23, 2024.
             Slain by a wight
             ... wielding a +0 battleaxe
              (12 damage)
             ... on level 7 of the Dungeon.
             The game lasted 00:00:22 (4940 turns).

qw the Skirmisher (Djinni Hunter)                   Turns: 4940, Time: 00:00:23

Health: -4/65      AC:  8    Str: 10    XL:     9   Next: 26%
Gold:   360        EV: 14    Int: 11    God:
                   SH:  5    Dex: 27

rFire   + + .        n - +3 shortbow of the Hierophant {drain, rPois rN+ MP-9}
rCold   x . .        (shield currently unavailable)
rNeg    + . .        g - +0 ring mail
rPois   inf          j - +0 helmet
rElec   .            f - +1 cloak
rCorr   .            (no gloves)
SInv    .            (boots unavailable)
Will    .....        m - amulet of reflection
Stlth   ++           c - +6 ring of dexterity
HPRegen 0.30/turn    (no ring)
MPRegen 0.00/turn

%: reflection, infuse magic (-5 HP)
@: about to teleport, flying
A: sickness immunity, fire resistance 2, cold vulnerability 1, float, innate
caster, HP casting, extra vitality 1
a: no special abilities


You were on level 7 of the Dungeon.
You visited 2 branches of the dungeon, and saw 8 of its levels.

You collected 360 gold pieces.


Innate Abilities, Weirdness & Mutations

You are immune to sickness and miasma.
You are immune to poison.
Your flesh is very heat resistant. (rF++)
You are vulnerable to cold. (rC-)
You float through the air rather than walking.
You learn spells naturally, not from books.
Your magical power is your life essence.
You have superior vitality. (+4 MHP)


   Skills:
 - Level 5.0 Fighting
 - Level 8.0 Ranged Weapons
 - Level 2.1 Armour
 + Level 5.8 Dodging
 - Level 0.7 Stealth


You knew the following spells:

 Your Spells              Type           Power      Damage    Failure   Level
a - Sandblast             Erth           0%         2d4       65%         1
b - Static Discharge      Conj/Air       0%         3-3/arc   80%         2
c - Summon Ice Beast      Ice/Summ       0%         N/A       95%         3
d - Volatile Blastmotes   Fire/Tloc      0%         2d10      95%         3
Your spell library was empty.

Inventory:

Hand Weapons
 n - the +3 shortbow of the Hierophant (weapon) {drain, rPois rN+ MP-9}
   (You found it on level 4 of the Dungeon)

   rPois:     It protects you from poison rN+: It protects you from negative
   energy.
   MP-9:      It affects your magic capacity (-9).
Armour
 f - a +1 cloak (worn)
 g - a +0 ring mail (worn)
 j - a +0 helmet (worn)
Jewellery
 c - a +6 ring of dexterity (left hand)
 m - an amulet of reflection (around neck)
Scrolls
 a - a scroll of amnesia {unknown}
 k - 4 scrolls of teleportation
 q - a scroll of enchant weapon
Potions
 b - 2 potions of enlightenment
 d - 2 potions of resistance
 e - 2 potions of might
 h - 3 potions of heal wounds
 i - 2 potions of curing
 l - 2 potions of cancellation

Dungeon Overview and Level Annotations

Branches:
Dungeon (7/15)             Temple (1/1) D:6

Altars:
Ashenzari
Cheibriados
Dithmenos
Fedhas
Gozag
Hepliaklqana
Makhleb
Nemelex Xobeh
Qazlal
Ru
Trog
Uskayaw
Yredelemnul
Zin


Message History

Enter note: You shoot an arrow.
The arrow closely misses the wight. x2
You block the wight's attack.
You shoot an arrow.
The arrow hits the wight but does no damage.
You shoot an arrow. The arrow hits the wight.
The wight is heavily damaged.
The wight hits you but does no damage. You block the wight's attack.
You shoot an arrow. The arrow barely misses the wight.
The arrow hits the wight.
The wight is moderately damaged.
You block the wight's attack.
You shoot an arrow. The arrow hits the wight.
The wight is severely damaged.
The wight hits you but does no damage. The wight closely misses you.
You shoot an arrow. The arrow closely misses the wight.
The wight misses you. You block the wight's attack.
The wight hits you with a +2 antimagic battleaxe! x2
An ice beast comes into view.
The wight closely misses you. x2
Enter note:
Enter note:
4937 ||| RETREEEEATING.
The wight barely misses you.
Enter note:
Enter note:
4938 ||| RETREEEEATING.
The wight attacks as it pursues you!
The wight hits you with a +2 flail of freezing!
The wight freezes you! The wight attacks as it pursues you!
The wight misses you.
Enter note:
Enter note:
4939 ||| RETREEEEATING.
The wight attacks as it pursues you!
The wight hits you with a +2 antimagic battleaxe!
4940 ||| READING 5 scrolls of teleportation.
As you read the scroll of teleportation, it crumbles to dust.
You feel strangely unstable. The wight hits you with a +0 battleaxe!
You die...

#. ........ #.. .......
#Y.. ######.....# #....
#....#.....#
#.....#....#.....# .....
#.....'....#.....# ....
'.....#....#.....# ...
#.... ##.zz#.....##### #..
########.z@#####.....#+##..
..............#....|#.....
..............#.....#.....
..............'.....#.....
.....###...####.....#....#
..... #####........#....#
.... ........#..... ....
........#.....
#........#.....


You could see 3 wights.

Vanquished Creatures
  Edmund (D:4)
  A sky beast (D:6)
  An orc warrior (D:5)
  2 ice beasts
  A black bear (D:5)
  A phantom (D:5)
  6 scorpions
  An electric eel (D:6)
  A human zombie (D:6)
  2 orc priests (D:4)
  A bombardier beetle (D:5)
  3 hounds
  2 jellies
  A sleepcap (D:5)
  Jessica (D:2)
  3 iguanas
  3 human skeletons (D:6)
  6 gnolls (D:4)
  4 adders
  A shadow imp (D:6)
  A white imp (D:5)
  2 ribbon worms
  2 dart slugs (D:3)
  7 orcs
  2 ball pythons (D:1)
  8 bats
  10 endoplasms
  A giant cockroach (D:3)
  12 goblins
  8 hobgoblins
  2 jackals (D:2)
  10 kobolds
  3 quokkas
  A frilled lizard (D:3)
  2 orc skeletons (D:6)
  5 rats
118 creatures vanquished.

Notes
Turn   | Place    | Note
-------+----------+-------------------------------------------
     0 | D:1      | qw the Djinni Hunter began the quest for the Orb.
     0 | D:1      | Reached XP level 1. HP: 18/18 MP: 0/0
     0 | D:1      | 0 ||| qw: Version: 0.3-a-134-g2ba4250
     0 | D:1      | 0 ||| qw: Game counter: 725
     0 | D:1      | 0 ||| qw: Melee chars always use a shield: true
     0 | D:1      | 0 ||| qw: God list: Okawaru
     0 | D:1      | 0 ||| qw: Allow faded altars: false
     0 | D:1      | 0 ||| qw: Do Orc after clearing Dungeon:15 true
     0 | D:1      | 0 ||| qw: Do second Lair branch before Depths: true
     0 | D:1      | 0 ||| qw: Lair rune preference: random
     0 | D:1      | 0 ||| qw: Goals: Normal
     0 | D:1      | 0 ||| PLANNING D:1-11
    37 | D:1      | Reached XP level 2. HP: 8/23 MP: 0/0
   229 | D:1      | Found a faded altar of an unknown god.
   275 | D:1      | Reached XP level 3. HP: 28/28 MP: 0/0
   275 | D:1      | Learned a level 1 spell: Sandblast
   326 | D:1      | Reached skill level 4 in Ranged Weapons
   811 | D:1      | 811 ||| UPGRADING to +0 cloak.
   816 | D:1      | 816 ||| READING scroll labelled JAOHUGREAD.
   816 | D:1      | 816 ||| ENCHANTING +0 cloak.
   817 | D:1      | 817 ||| READING scroll labelled ZOTHASSY NUYGA.
   818 | D:1      | 818 ||| READING 3 scrolls labelled XITACU SIEH.
   818 | D:1      | 818 ||| IDENTIFYING emerald potion
   819 | D:1      | 819 ||| READING 2 scrolls of identify.
   819 | D:1      | 819 ||| IDENTIFYING lumpy grey potion
   820 | D:1      | 820 ||| READING scroll of identify.
   820 | D:1      | 820 ||| IDENTIFYING glowing ruby potion
   821 | D:1      | 821 ||| DROPPING scroll of butterflies.
   822 | D:1      | 822 ||| DROPPING potion of brilliance.
  1264 | D:2      | Reached XP level 4. HP: 34/34 MP: 0/0
  1268 | D:2      | Reached skill level 3 in Fighting
  1480 | D:2      | Noticed Jessica
  1482 | D:2      | Killed Jessica
  1483 | D:2      | Reached skill level 3 in Dodging
  1662 | D:2      | 1662 ||| UPGRADING to +0 ring mail.
  1672 | D:2      | 1672 ||| DROPPING +0 leather armour.
  1673 | D:2      | 1673 ||| READING 2 scrolls of identify.
  1673 | D:2      | 1673 ||| IDENTIFYING golden potion
  1674 | D:2      | 1674 ||| READING scroll of identify.
  1674 | D:2      | 1674 ||| IDENTIFYING orange potion
  1675 | D:2      | 1675 ||| READING scroll labelled ZEICRUGHOD.
  1676 | D:2      | 1676 ||| READING 3 scrolls labelled COOW BIOREXE.
  1680 | D:2      | 1680 ||| DRINKING 2 dark potions.
  1811 | D:3      | Reached skill level 1 in Armour
  1836 | D:3      | Reached XP level 5. HP: 40/40 MP: 0/0
  1836 | D:3      | Learned a level 2 spell: Static Discharge
  2053 | D:3      | 2053 ||| UPGRADING to +0 helmet.
  2058 | D:3      | 2058 ||| UPGRADING to +6 ring of dexterity.
  2059 | D:3      | 2059 ||| READING 2 scrolls labelled JIKKOD DO GAHE.
  2160 | D:3      | 2160 ||| DROPPING scroll of silence.
  2193 | D:4      | Identified the +3 shortbow of the Hierophant {drain, rPois
                  | rN+ MP-9}
  2195 | D:4      | 2195 ||| SWAPPING to +3 shortbow of the Hierophant {drain,
                  | rPois rN+ MP-9}.
  2196 | D:4      | 2196 ||| DROPPING +0 shortbow.
  2341 | D:4      | Reached XP level 6. HP: 46/46 MP: 0/0
  2345 | D:4      | Reached skill level 5 in Ranged Weapons
  2851 | D:4      | Noticed Edmund
  2861 | D:4      | Killed Edmund
  2862 | D:4      | Reached XP level 7. HP: 23/52 MP: 0/0
  2862 | D:4      | Learned a level 3 spell: Summon Ice Beast
  3088 | D:4      | 3088 ||| DROPPING +6 ring of intelligence.
  3089 | D:4      | 3089 ||| READING scroll of identify.
  3089 | D:4      | 3089 ||| IDENTIFYING amethyst potion
  3090 | D:4      | 3090 ||| READING scroll labelled NANIN MIKKOAWE.
  3091 | D:4      | 3091 ||| READING scroll labelled EDWUBA BUGO.
  3092 | D:4      | 3092 ||| DRINKING 2 fuming red potions.
  3093 | D:4      | 3093 ||| DROPPING potion of degeneration.
  3112 | D:5      | Entered Level 5 of the Dungeon
  3177 | D:5      | You are sucked into a shaft and drop 1 floor!
  3233 | D:6      | 3233 ||| PLANNING OSSUARY
  3305 | D:6      | Reached skill level 6 in Ranged Weapons
  3305 | D:6      | Reached XP level 8. HP: 58/58 MP: 0/0
  3323 | D:6      | Found a hide-covered altar of Uskayaw.
  3414 | D:6      | Found a staircase to the Ecumenical Temple.
  3699 | D:6      | Reached skill level 7 in Ranged Weapons
  3809 | D:6      | 3809 ||| RIP OSSUARY
  3810 | D:6      | 3810 ||| PLANNING TEMPLE
  3853 | Temple   | Entered the Ecumenical Temple
  3854 | Temple   | 3854 ||| PLANNING D:1-11
  4294 | D:5      | Found an opulent altar of Gozag.
  4309 | D:5      | Reached XP level 9. HP: 65/65 MP: 0/0
  4309 | D:5      | Learned a level 3 spell: Volatile Blastmotes
  4567 | D:5      | 4567 ||| UPGRADING to amulet of reflection.
  4572 | D:5      | 4572 ||| READING 3 scrolls of identify.
  4572 | D:5      | 4572 ||| IDENTIFYING glowing golden potion
  4573 | D:5      | 4573 ||| READING 2 scrolls of identify.
  4573 | D:5      | 4573 ||| IDENTIFYING clear potion
  4574 | D:5      | 4574 ||| READING scroll of identify.
  4574 | D:5      | 4574 ||| IDENTIFYING scroll labelled NEZXUE EBBET
  4575 | D:5      | 4575 ||| DROPPING potion of lignification.
  4576 | D:5      | 4576 ||| DROPPING potion of magic.
  4665 | D:6      | Reached skill level 8 in Ranged Weapons
  4788 | D:6      | Found a glowing silver altar of Zin.
  4937 | D:7      | 4937 ||| RETREEEEATING.
  4938 | D:7      | 4938 ||| RETREEEEATING.
  4939 | D:7      | 4939 ||| RETREEEEATING.
  4939 | D:7      | HP: 7/65 [wight/+2 antimagic battleaxe (15)]
  4940 | D:7      | 4940 ||| READING 5 scrolls of teleportation.
  4940 | D:7      | Slain by a wight

Levels and vault maps discovered:
D:1:      erik_arrival_cave_to_civilisation [erik_arrival_cave_to_hall],
          layout_basic, hellmonk_ecumenical_altar_pennies_from_heaven,
          minmay_misc_feat_plants
D:2:      kennysheep_the_goblin_king, layout_basic, uniq_jessica
D:3:      layout_basic
D:4:      layout_basic, uniq_edmund
D:5:      layout_basic, lemuel_doored_altar
D:6:      layout_rooms, zin_scriptorium, amcnicky_altar_gilded,
          minmay_temple_entry_mini_moons, nicolae_ossuary_entry_catacombs,
          fountainhead, dk_vineyard_1, grunt_ministairs_15, minmay_door_square,
          dk_rats_in_the_wall
D:7:      layout_gridville, mainiacjoe_overflow_cross_hatched,
          grunt_temple_overflow_open, uniq_duvessa
Temple:   minmay_temple_forest_path

Skill      XL: |  1  2  3  4  5  6  7  8  9 |
---------------+----------------------------+-----
Ranged Weapons | 4 5 6 7 8 |  8.0
Fighting       | 3 4 5 |  5.0
Dodging        | 3 4 5 |  5.8
Armour         | 1 2 |  2.1
Stealth        | |  0.7

Action                     |  1- 3 |  4- 6 |  7- 9 || total
---------------------------+-------+-------+-------++-------
   Fire: Shortbow          |   110 |   123 |   162 ||   395
    Use: Scroll            |     5 |     5 |     7 ||    17
         Potion            |       |     1 |     1 ||     2
 Armour: Leather armour    |    27 |       |       ||    27
         Ring mail         |       |    43 |    49 ||    92
  Dodge: Dodged            |    37 |    28 |    55 ||   120
  Block: Other             |       |       |     5 ||     5

Table legend:
 A = Non-vault XP
 B = Vault XP
 C = Vault XP percentage of total XP
 D = Non-vault monster count
 E = Vault monster count
 F = Vault count percentage of total count
                 A         B        C        D         E       F
            +---------+---------+-------+---------+---------+-------
      Total |    1979 |     508 |  20.4 |      99 |      19 |  16.1
            +---------+---------+-------+---------+---------+-------
        D:1 |      41 |       4 |   8.9 |      23 |       2 |   8.0
        D:2 |      21 |      48 |  69.6 |      12 |       8 |  40.0
        D:3 |      51 |       0 |   0.0 |      19 |       0 |   0.0
        D:4 |     271 |     171 |  38.7 |      16 |       1 |   5.9
        D:5 |     765 |       0 |   0.0 |      14 |       0 |   0.0
        D:6 |     649 |     285 |  30.5 |      13 |       8 |  38.1
        D:7 |     181 |       0 |   0.0 |       2 |       0 |   0.0
            +---------+---------+-------+---------+---------+-------
